 Dungeon Crawl Stone Soup version 0.29.0-4-gdea44cf6ec (webtiles) character file.

Game seed: 205519202818526562

415 qw the Chopper (level 6, -4/37 HPs)
             Began as a Tengu Warper on Aug 28, 2022.
             Slain by a vampire mosquito (6 damage)
             ... on level 8 of the Dungeon.
             The game lasted 00:00:25 (4091 turns).

qw the Chopper (Tengu Warper)                       Turns: 4091, Time: 00:00:26

Health: -4/37      AC: 10    Str: 17    XL:     6   Next: 91%
Magic:  9/9        EV: 12    Int: 14    God:
Gold:   266        SH:  0    Dex: 13    Spells: 9/9 levels left

rFire   . . .      SeeInvis .   Y - +0 hand axe (flame)
rCold   . . .      Faith    .   (no shield)
rNeg    . . .      Spirit   .   j - +2 scale mail of Kleptomania {Str+4}
rPois   .          Reflect  .   (helmet restricted)
rElec   .          Harm     .   m - +0 cloak
rCorr   .          Rampage  .   f - +0 pair of gloves
Will    .....                   (boots unavailable)
Stlth   ..........              d - amulet of regeneration
HPRegen 0.92/turn               (no ring)
MPRegen 0.11/turn               (no ring)

@: flying quickly and evasively, quick
A: beak, talons 3, nimble flight, antennae 1, low MP 1, MP-powered wands
a: no special abilities


You were on level 8 of the Dungeon.
You visited 2 branches of the dungeon, and saw 7 of its levels.

You collected 266 gold pieces.


Innate Abilities, Weirdness & Mutations

You have a beak for a mouth.
You have claws for feet.
Your magical nature lets you fly swiftly and evasively.
You have a pair of small antennae on your head.
Your magical capacity is low. (-10% MP)
You expend magic power (3 MP) to strengthen your wands.


   Skills:
 - Level 3.0 Fighting
 + Level 7.1 Axes
 - Level 1.0 Throwing
 - Level 2.3 Armour
 - Level 2.1 Dodging
 - Level 2.0 Spellcasting
 - Level 2.4 Translocations


You had 9 spell levels left.
You didn't know any spells.
Your spell library contained the following spells:

 Spells                   Type           Power      Damage    Failure   Level
 Blink                    Tloc           16%        N/A       41%         2
 Gell's Gravitas          Tloc           8%         N/A       65%         3
 Lesser Beckoning         Tloc           8%         N/A       65%         3
 Teleport Other           Tloc           8%         N/A       65%         3
 Manifold Assault         Tloc           8%         N/A       100%        5

Inventory:

Hand Weapons
 Y - a +0 hand axe of flaming (weapon)
Missiles
 b - a boomerang (quivered)
Armour
 f - a +0 pair of gloves (worn)
 j - the +2 scale mail of Kleptomania (worn) {Str+4}
   (You took it off a goblin on level 2 of the Dungeon)

   Str:       It affects your strength (+4).
 m - a +0 cloak (worn)
Jewellery
 a - the amulet of Elitism {Spirit Harm Fragile rN+ Slay+2}
   (You found it on level 4 of the Dungeon)

   [amulet of guardian spirit]

   It causes incoming damage to be divided between your reserves of health and
   magic.
   Slay:      It affects your accuracy & damage with ranged weapons and melee
   (+2).
   rN:        It protects you from negative energy.
   Fragile:   It will be destroyed if unequipped.
   Harm:      It increases damage dealt and taken.
 d - an amulet of regeneration (around neck)
Scrolls
 c - a scroll of enchant weapon {unknown}
 k - a scroll of identify
Potions
 e - a potion of might
 h - a potion of resistance
 i - 2 potions of curing

Dungeon Overview and Level Annotations

Branches:
Dungeon (5/15)             Temple (1/1) D:4

Altars:
Ashenzari
Cheibriados
Dithmenos
Elyvilon
Fedhas
Gozag
Kikubaaqudgha
Makhleb
Nemelex Xobeh
Sif Muna
Trog
Xom
Zin
The Shining One

Shops:
D:1 [   D:2 [


Message History

The vampire mosquito misses you. The vampire mosquito barely misses you.
The vampire mosquito bites you but does no damage.
You hit the vampire mosquito but do no damage.
Your kick misses the vampire mosquito.
The vampire mosquito is severely damaged.
You hit the vampire mosquito. You burn the vampire mosquito.
You hit the vampire mosquito. You burn the vampire mosquito.
You slash the vampire mosquito! You burn the vampire mosquito.
The vampire mosquito bites you but does no damage.
The vampire mosquito bites you.
The vampire mosquito draws strength from your injuries!
The vampire mosquito bites you but does no damage.
The vampire mosquito closely misses you.
The vampire mosquito bites you!
The vampire mosquito draws strength from your injuries!
The vampire mosquito bites you!
The vampire mosquito draws strength from your injuries!
The vampire mosquito barely misses you. The vampire mosquito bites you!
The vampire mosquito draws strength from your injuries!
You closely miss the vampire mosquito. You claw the vampire mosquito.
The vampire mosquito is severely damaged.
You miss the vampire mosquito.
You completely miss the vampire mosquito.
You closely miss the vampire mosquito.
The vampire mosquito bites you but does no damage.
The vampire mosquito bites you.
The vampire mosquito draws strength from your injuries!
The vampire mosquito bites you but does no damage.
The vampire mosquito closely misses you.
You hit the vampire mosquito but do no damage.
Your peck misses the vampire mosquito.
The vampire mosquito is severely damaged.
You closely miss the vampire mosquito. You hit the vampire mosquito.
You burn the vampire mosquito. You hit the vampire mosquito.
You burn the vampire mosquito.
The vampire mosquito bites you but does no damage.
The vampire mosquito bites you.
The vampire mosquito draws strength from your injuries!
The vampire mosquito bites you.
You die...

..
..#######
##.......#
#........#
#........#
#......yy#
.......y@#
#.....y?#
#.......#
#.......#
#.......#
#.......#
..########
#


You could see 4 vampire mosquitoes.

Vanquished Creatures
  A kobold brigand (D:5)
  Blork the orc (D:4)
  A hound (D:4)
  2 orc priests
  An iguana (D:4)
  An orc wizard (D:5)
  Robin (D:2)
  3 gnolls (D:3)
  An adder (D:4)
  An ufetubus (D:4)
  3 dart slugs
  5 orcs
  3 endoplasms
  3 giant cockroaches
  14 goblins
  4 hobgoblins
  4 jackals (D:2)
  2 quokkas
  8 ball pythons
  5 bats
  2 frilled lizards (D:1)
  9 kobolds
  3 rats (D:1)
78 creatures vanquished.

Notes
Turn   | Place    | Note
-------+----------+-------------------------------------------
     0 | D:1      | qw the Tengu Warper began the quest for the Orb.
     0 | D:1      | Reached XP level 1. HP: 12/12 MP: 4/4
     0 | D:1      | 0 ||| qw: Version: 0.1-a-89-g26bdef1
     0 | D:1      | 0 ||| qw: Game counter: 3389
     0 | D:1      | 0 ||| qw: Always use a shield: true
     0 | D:1      | 0 ||| qw: God list: Okawaru
     0 | D:1      | 0 ||| qw: Allow faded altars: false
     0 | D:1      | 0 ||| qw: Do Orc after D:15 true
     0 | D:1      | 0 ||| qw: Do second Lair branch before Depths: true
     0 | D:1      | 0 ||| qw: Lair rune preference: random
     0 | D:1      | 0 ||| qw: Plans: Normal
     0 | D:1      | 0 ||| PLANNING D:1-11
   190 | D:1      | Reached XP level 2. HP: 17/17 MP: 6/6
   203 | D:1      | Reached skill level 3 in Axes
   288 | D:1      | Found Pucsugge's Antique Armour Shoppe.
   291 | D:1      | 291 ||| SHOPLISTING glowing scale mail (203 gold, have 0).
   291 | D:1      | 291 ||| SHOPLISTING heavily jewelled robe (165 gold, have
                  | 0).
   291 | D:1      | 291 ||| SHOPLISTING pair of gloves (130 gold, have 0).
   291 | D:1      | 291 ||| SHOPLISTING ring mail (116 gold, have 0).
   291 | D:1      | 291 ||| SHOPLISTING runed chain mail (217 gold, have 0).
   291 | D:1      | 291 ||| SHOPLISTING runed robe (107 gold, have 0).
   831 | D:1      | 831 ||| UPGRADING to +0 chain mail.
   841 | D:1      | 841 ||| DROPPING +0 leather armour.
   842 | D:1      | 842 ||| READING 3 scrolls labelled MIEWESIT ACITT.
   847 | D:1      | 847 ||| READING scroll labelled LURUUN QUQU.
   848 | D:1      | 848 ||| DROPPING scroll of blinking.
   915 | D:2      | Reached XP level 3. HP: 21/21 MP: 7/7
   915 | D:2      | 915 ||| Stepping ~*~*~tactically~*~*~ (stealth).
  1027 | D:2      | Reached skill level 4 in Axes
  1137 | D:2      | Found a shimmering blue altar of Sif Muna.
  1157 | D:2      | Noticed Robin
  1158 | D:2      | 1158 ||| Stepping ~*~*~tactically~*~*~ (hiding).
  1174 | D:2      | HP: 5/21 [goblin/+0 dagger[Robin] (2)]
  1175 | D:2      | 1175 ||| READING 2 scrolls of teleportation.
  1176 | D:2      | Killed Robin
  1409 | D:2      | 1409 ||| Stepping ~*~*~tactically~*~*~ (stealth).
  1410 | D:2      | 1410 ||| Stepping ~*~*~tactically~*~*~ (stealth).
  1412 | D:2      | 1412 ||| Stepping ~*~*~tactically~*~*~ (stealth).
  1413 | D:2      | 1413 ||| Stepping ~*~*~tactically~*~*~ (stealth).
  1435 | D:2      | Found a faded altar of an unknown god.
  1491 | D:2      | Found Muamyczu's Antique Armour Emporium.
  1499 | D:2      | 1499 ||| SHOPLISTING glowing ring mail (140 gold, have 88).
  1499 | D:2      | 1499 ||| SHOPLISTING glowing scale mail (140 gold, have
                  | 88).
  1516 | D:2      | 1516 ||| DROPPING +0 club.
  1533 | D:2      | Identified the +2 scale mail of Kleptomania {Str+4}
  1534 | D:2      | 1534 ||| Stepping ~*~*~tactically~*~*~ (hiding).
  1591 | D:2      | 1591 ||| Stepping ~*~*~tactically~*~*~ (stealth).
  1630 | D:2      | 1630 ||| Stepping ~*~*~tactically~*~*~ (stealth).
  1636 | D:2      | Reached XP level 4. HP: 26/26 MP: 8/8
  1643 | D:2      | 1643 ||| READING scroll of brand weapon.
  1643 | D:2      | 1643 ||| BRANDING +0 vorpal hand axe.
  1644 | D:2      | 1644 ||| DROPPING +3 mace of protection.
  1773 | D:2      | 1773 ||| UPGRADING to +0 pair of gloves.
  1778 | D:2      | 1778 ||| UPGRADING to +2 scale mail of Kleptomania {Str+4}.
  1788 | D:2      | 1788 ||| DROPPING +0 chain mail.
  1789 | D:2      | 1789 ||| READING 2 scrolls labelled EROUTT XANYFF.
  1790 | D:2      | 1790 ||| DRINKING 2 white potions.
  1791 | D:2      | 1791 ||| DRINKING 2 clear potions.
  1815 | D:2      | 1815 ||| DROPPING potion of attraction.
  1816 | D:2      | 1816 ||| DROPPING potion of lignification.
  1940 | D:3      | 1940 ||| Stepping ~*~*~tactically~*~*~ (hiding).
  1943 | D:3      | 1943 ||| Stepping ~*~*~tactically~*~*~ (hiding).
  1952 | D:3      | Reached skill level 5 in Axes
  1953 | D:3      | HP: 3/26 [gnoll/+0 spear (5)]
  1954 | D:3      | 1954 ||| READING scroll of teleportation.
  2689 | D:3      | 2689 ||| UPGRADING to +0 cloak.
  2694 | D:3      | 2694 ||| DROPPING amulet of magic regeneration.
  2695 | D:3      | 2695 ||| READING scroll labelled KUL JEDOZI.
  2696 | D:3      | 2696 ||| READING scroll labelled JIZAOLASKAI.
  2845 | D:3      | 2845 ||| DRINKING 2 fizzy brown potions.
  2845 | D:3      | Gained mutation: You occasionally lose the ability to read
                  | scrolls when taking damage. [potion of mutation]
  2845 | D:3      | Gained mutation: You are covered in fur. (AC +1) [potion of
                  | mutation]
  2845 | D:3      | Gained mutation: You have supernaturally acute eyesight.
                  | (SInv) [potion of mutation]
  2846 | D:3      | 2846 ||| DRINKING potion of mutation.
  2846 | D:3      | Lost mutation: You are covered in fur. (AC +1) [potion of
                  | mutation]
  2846 | D:3      | Lost mutation: You have supernaturally acute eyesight.
                  | (SInv) [potion of mutation]
  2846 | D:3      | Lost mutation: You occasionally lose the ability to read
                  | scrolls when taking damage. [potion of mutation]
  2846 | D:3      | Gained mutation: Your magical capacity is low. (-10% MP)
                  | [potion of mutation]
  2846 | D:3      | Gained mutation: You expend magic power (3 MP) to
                  | strengthen your wands. [potion of mutation]
  2846 | D:3      | Gained mutation: You have a pair of small antennae on your
                  | head. [potion of mutation]
  2847 | D:3      | 2847 ||| DRINKING 3 coppery potions.
  2848 | D:3      | 2848 ||| READING 4 scrolls of identify.
  2848 | D:3      | 2848 ||| IDENTIFYING lumpy orange potion
  2849 | D:3      | 2849 ||| READING 3 scrolls of identify.
  2849 | D:3      | 2849 ||| IDENTIFYING fuming silvery potion
  2850 | D:3      | 2850 ||| READING 2 scrolls of identify.
  2850 | D:3      | 2850 ||| IDENTIFYING viscous golden potion
  2851 | D:3      | 2851 ||| DROPPING potion of brilliance.
  2888 | D:4      | Identified the amulet of Elitism {Spirit Harm Fragile rN+
                  | Slay+2}
  2951 | D:4      | Gained mutation: Your magical nature lets you fly swiftly
                  | and evasively. [Tengu growth]
  2951 | D:4      | Reached XP level 5. HP: 21/30 MP: 8/8
  3056 | D:4      | 3056 ||| FLEEEEING.
  3057 | D:4      | 3057 ||| FLEEEEING.
  3058 | D:4      | 3058 ||| FLEEEEING.
  3060 | D:4      | 3060 ||| FLEEEEING.
  3063 | D:4      | 3063 ||| FLEEEEING.
  3064 | D:4      | 3064 ||| FLEEEEING.
  3065 | D:4      | 3065 ||| FLEEEEING.
  3066 | D:4      | 3066 ||| FLEEEEING.
  3067 | D:4      | 3067 ||| FLEEEEING.
  3068 | D:4      | 3068 ||| FLEEEEING.
  3069 | D:4      | 3069 ||| FLEEEEING.
  3070 | D:4      | 3070 ||| FLEEEEING.
  3073 | D:4      | 3073 ||| FLEEEEING.
  3074 | D:4      | 3074 ||| FLEEEEING.
  3075 | D:4      | 3075 ||| FLEEEEING.
  3076 | D:4      | 3076 ||| FLEEEEING.
  3080 | D:4      | 3080 ||| FLEEEEING.
  3081 | D:4      | 3081 ||| FLEEEEING.
  3082 | D:4      | 3082 ||| FLEEEEING.
  3083 | D:4      | 3083 ||| FLEEEEING.
  3088 | D:4      | 3088 ||| STAIRDANCE
  3152 | D:4      | Reached skill level 6 in Axes
  3425 | D:4      | Found a staircase to the Ecumenical Temple.
  3426 | D:4      | 3426 ||| PLANNING TEMPLE
  3426 | D:4      | 3426 ||| READING 2 scrolls of identify.
  3426 | D:4      | 3426 ||| IDENTIFYING green potion
  3436 | Temple   | Entered the Ecumenical Temple
  3473 | Temple   | 3473 ||| PLANNING D:1-11
  3580 | D:4      | Noticed Blork the orc
  3591 | D:4      | HP: 7/30 [Blork the orc/+0 trident (5)]
  3592 | D:4      | 3592 ||| DRINKING potion of heal wounds.
  3595 | D:4      | Killed Blork the orc
  3596 | D:4      | Reached XP level 6. HP: 32/35 MP: 9/9
  3809 | D:4      | Reached skill level 7 in Axes
  3945 | D:4      | 3945 ||| UPGRADING to amulet of regeneration.
  3950 | D:4      | 3950 ||| READING 2 scrolls labelled PEOSADWAHOE.
  3951 | D:4      | 3951 ||| DROPPING scroll of immolation.
  3992 | D:5      | Entered Level 5 of the Dungeon
  3993 | D:5      | 3993 ||| PLANNING SEWER
  4017 | D:5      | 4017 ||| Stepping ~*~*~tactically~*~*~ (stealth).
  4040 | D:5      | Reached skill level 3 in Fighting
  4080 | D:5      | You are sucked into a shaft and drop 3 floors!
  4082 | D:8      | Noticed a vampire mosquito
  4082 | D:8      | Noticed a vampire mosquito
  4082 | D:8      | Noticed a vampire mosquito
  4083 | D:8      | Noticed a vampire mosquito
  4083 | D:8      | 4083 ||| Stepping ~*~*~tactically~*~*~ (stealth).
  4089 | D:8      | HP: 4/37 [vampire mosquito (7)]
  4091 | D:8      | Slain by a vampire mosquito

Levels and vault maps discovered:
D:1:      wander_arrival_estate, layout_basic, serial_shops,
          nicolae_shop_behind_doors, hangedman_glass_teeth
D:2:      layout_loops_ring, basic_altar, serial_shops, shop,
          chequers_ecumenical_altar_simple_redux, uniq_robin
D:3:      layout_loops_ring
D:4:      layout_gridville, minmay_temple_entry_poolview, minivault_1,
          uniq_blork_the_orc
D:5:      layout_cave_pools, nicolae_ru_great_annihilating_truth,
          chequers_temple_overflow_statue_of_worship, gup_sewer_entry_spiral,
          biasface_ghost_orc_armoury, uniq_edmund
D:8:      layout_basic, uniq_prince_ribbit1
Temple:   nicolae_temple_ecumenical_triangle

Skill      XL: |  1  2  3  4  5  6 |
---------------+-------------------+-----
Axes           | 3 4 5 6 7 |  7.1
Fighting       | 3 |  3.0
Armour         | 2 |  2.3
Throwing       | |  1.0
Dodging        | |  2.1
Spellcasting   | |  2.0
Translocations | |  2.4

Action                   |  1- 3 |  4- 6 || total
-------------------------+-------+-------++-------
Melee: Hand axe          |    66 |    93 ||   159
       Kick              |    14 |    24 ||    38
       Peck              |    12 |    18 ||    30
       Punch             |       |     2 ||     2
Throw: Boomerang         |    15 |    49 ||    64
  Use: Scroll            |     3 |    10 ||    13
       Potion            |       |     6 ||     6
Armor: Leather armour    |    15 |       ||    15
       Chain mail        |    25 |     2 ||    27
       Scale mail        |       |    39 ||    39
Dodge: Dodged            |    29 |    63 ||    92

Table legend:
 A = Non-vault XP
 B = Vault XP
 C = Vault XP percentage of total XP
 D = Non-vault monster count
 E = Vault monster count
 F = Vault count percentage of total count
                 A         B        C        D         E       F
            +---------+---------+-------+---------+---------+-------
      Total |     460 |     133 |  22.4 |      65 |      13 |  16.7
            +---------+---------+-------+---------+---------+-------
        D:1 |      28 |       0 |   0.0 |      19 |       0 |   0.0
        D:2 |      24 |      37 |  60.7 |      11 |      12 |  52.2
        D:3 |      58 |       0 |   0.0 |      12 |       0 |   0.0
        D:4 |     165 |      96 |  36.8 |      16 |       1 |   5.9
        D:5 |     185 |       0 |   0.0 |       7 |       0 |   0.0
            +---------+---------+-------+---------+---------+-------
